 Dungeon Crawl Stone Soup version 0.19-a0-503-g45a6586 (webtiles) character file.

1074 George the Carver (level 8, -7/56 HPs)
             Began as a Demonspawn Gladiator on June 5, 2016.
             Mangled by Dowan
             ... wielding a +7 dagger of holy wrath
              (8 damage)
             ... on level 4 of the Dungeon.
             The game lasted 00:10:41 (4536 turns).

George the Carver (Demonspawn Gladiator)            Turns: 4536, Time: 00:10:42

Health: -7/56      AC:  8    Str: 18    XL:     8   Next: 7%
Magic:  0/8        EV: 12    Int:  9    God:
Gold:   236        SH:  0    Dex: 18    Spells: 0 memorised, 7 levels left

rFire  . . .     SeeInvis .     a - +0 long sword
rCold  . . .     Gourm    .     q - +0 ring mail
rNeg   . . .     Faith    .     (no shield)
rPois  .         Spirit   +     c - +1 helmet
rElec  .         Dismiss  .     C - +0 cloak
rCorr  .         Reflect  .     (no gloves)
SustAt .         Harm     .     (no boots)
MR     .....                    (no amulet)
Stlth  ++........               (no ring)
                                (no ring)

@: not resistant to hostile enchantments, unstealthy
A: hooves 1, thin skeletal structure 2, powered by pain 2, magic shield
a: no special abilities


You were on level 4 of the Dungeon.
You were not hungry.

You visited 1 branch of the dungeon, and saw 4 of its levels.
You also visited: Sewer.

You collected 236 gold pieces.

Inventory:

Hand Weapons
 a - a +0 long sword (weapon)
 k - a +3 short sword
Missiles
 d - a throwing net (quivered)
Armour
 c - a +1 helmet (worn)
 q - a +0 ring mail (worn)
 C - a +0 cloak (worn)
Wands
 E - a wand of teleportation (6/9)
Scrolls
 i - a scroll of enchant armour
 l - 2 scrolls of teleportation
 n - a scroll of fear
 w - a scroll of magic mapping
Potions
 h - 3 potions of curing
 j - a potion of flight
 o - a potion of brilliance
 r - a potion of resistance
 D - a potion of might
 F - 2 potions of agility
 G - a potion of ambrosia {unknown}
 H - a potion of berserk rage {unknown}
Comestibles
 f - 2 bread rations
 g - 2 beef jerkies
 t - 6 fruits
 v - a meat ration
 x - a slice of pizza
 B - a royal jelly
 I - 3 chunks of flesh


   Skills:
 - Level 2.0 Fighting
 + Level 9.1 Long Blades
 - Level 1.7 Throwing
 - Level 2.6 Dodging


You had 7 spell levels left.
You didn't know any spells.

Dungeon Overview and Level Annotations

Branches:
Dungeon (4/15)
 Temple: D:4-7

Altars:
Ashenzari
Kikubaaqudgha
Okawaru
Ru
Vehumet
Xom
Zin

Shops:
D:4 *

Annotations:
D:4 Dowan, Duvessa


Innate Abilities, Weirdness & Mutations

You have large cloven feet.
You have a moderately thin skeletal structure. (Dex +4, Stealth+)
You sometimes gain power by taking damage.
When hurt, damage is shared between your health and your magic reserves.


Message History

Duvessa is caught in the net!
Duvessa is heavily wounded.
The crimson imp hits you.
* * * LOW HITPOINT WARNING * * *
Duvessa struggles against the net.
The helpless Duvessa fails to defend herself.
You hit Duvessa.
Duvessa is heavily wounded.
Dowan hits you with a dagger of holy wrath.
* * * LOW HITPOINT WARNING * * *
You convulse.
* * * LOW HITPOINT WARNING * * *
The crimson imp barely misses you.
You completely miss Duvessa.
Duvessa is heavily wounded.
Duvessa struggles against the net.
Dowan hits you with a dagger of holy wrath.
* * * LOW HITPOINT WARNING * * *
You convulse!
You die...

......... .........
##...... _..8.._..
#...... ........#
##..... .......##
##.....# .......#
#......# #....###
##.....# . ...###
##.....e##.((. ..##
#.....@e..(.(# .#.#
##......5....## ##.#
##...........## # .#
##...........##
##...
##...........## .
..#..##............#
#.
.###...............#
#.
..................##
#.
..................#
#.


You could see Duvessa (caught), Dowan and a crimson imp.

Vanquished Creatures
  Eustachio (D:4)
  An ogre (D:4)
  The ghost of shklvsk the Chopper, an amateur DsSk of Sif Muna (D:3)
  The ghost of shklvsk the Charmwright, an amateur DsSk (Sewer)
  4 big kobolds (Sewer)
  A hound (D:4)
  An orc wizard (D:4)
  Natasha (thrice) (D:3)
  A worker ant (D:4)
  4 gnolls (D:2)
  4 adders
  A river rat (D:3)
  9 oozes
  7 worms
  3 dart slugs
  5 giant geckos
  3 orcs
  5 giant cockroaches
  10 goblins
  5 hobgoblins
  17 jackals
  12 kobolds
  2 quokkas
  4 ball pythons
  3 bats (D:2)
  5 giant newts
  13 rats
126 creatures vanquished.

Notes
Turn   | Place    | Note
--------------------------------------------------------------
     0 | D:1      | George the Demonspawn Gladiator began the quest for the Orb.
     0 | D:1      | Reached XP level 1. HP: 16/16 MP: 1/1
   311 | D:1      | Reached skill level 3 in Long Blades
   458 | D:1      | Gained mutation: You sometimes gain a little power by taking damage. [demonic ancestry]
   458 | D:1      | Reached XP level 2. HP: 22/22 MP: 2/2
   972 | D:2      | Gained mutation: You have a somewhat thin skeletal structure. (Dex +2, Stealth) [demonic ancestry]
   972 | D:2      | Reached XP level 3. HP: 26/27 MP: 3/3
   973 | D:2      | Reached skill level 4 in Long Blades
  1027 | D:2      | Gained mutation: You have large cloven feet. [demonic ancestry]
  1027 | D:2      | Reached XP level 4. HP: 19/33 MP: 4/4
  1474 | D:2      | Found an iron altar of Okawaru.
  1672 | D:2      | Found a glowing silver altar of Zin.
  1675 | D:2      | Found a radiant altar of Vehumet.
  2015 | D:3      | Noticed Natasha
  2019 | D:3      | Killed Natasha
  2019 | D:3      | Reached skill level 5 in Long Blades
  2055 | D:3      | Gained mutation: You have a moderately thin skeletal structure. (Dex +4, Stealth+) [demonic ancestry]
  2055 | D:3      | Reached XP level 5. HP: 24/38 MP: 5/5
  2148 | D:3      | Found a glowing drain.
  2152 | Sewer    | Entered a sewer
  2295 | Sewer    | Reached skill level 6 in Long Blades
  2374 | Sewer    | Noticed shklvsk's ghost (amateur DsSk)
  2386 | Sewer    | Killed shklvsk's ghost
  2386 | Sewer    | Gained mutation: When hurt, damage is shared between your health and your magic reserves. [demonic ancestry]
  2386 | Sewer    | Reached XP level 6. HP: 40/44 MP: 6/6
  2609 | Sewer    | Reached skill level 7 in Long Blades
  2792 | Sewer    | Reached XP level 7. HP: 48/50 MP: 7/7
  2868 | D:3      | Found a shattered altar of Ashenzari.
  3121 | D:3      | Noticed Natasha
  3128 | D:3      | Killed Natasha
  3194 | D:3      | Noticed Natasha
  3198 | D:3      | Killed Natasha
  3462 | D:3      | Noticed shklvsk's ghost (amateur DsSk)
  3477 | D:3      | Killed shklvsk's ghost
  3477 | D:3      | Reached skill level 8 in Long Blades
  3702 | D:4      | Found an ancient bone altar of Kikubaaqudgha.
  3702 | D:4      | Found a sacrificial altar of Ru.
  3745 | D:4      | Noticed Eustachio
  3780 | D:4      | Killed Eustachio
  4300 | D:4      | Found Laicibats's Elemental Accessories.
  4475 | D:4      | Found a shimmering altar of Xom.
  4497 | D:4      | Reached skill level 9 in Long Blades
  4497 | D:4      | Gained mutation: You sometimes gain power by taking damage. [demonic ancestry]
  4497 | D:4      | Reached XP level 8. HP: 34/56 MP: 4/8
  4523 | D:4      | Noticed Dowan
  4525 | D:4      | Noticed Duvessa
  4536 | D:4      | HP: 1/56 [Dowan/dagger of holy wrath (3)]
  4536 | D:4      | Mangled by Dowan

Vault maps used:
D:1:      enne_arrival_octagon_isle
D:2:      okawaru_gym_becter, minitemple, item_on_display_a
D:3:      nicolae_overflow_hidden_temple, ashenzari_altar_1,
          gup_sewer_entry_bowl, uniq_natasha
D:4:      grunt_temple_overflow_holy_war, overflow_temple_1_default,
          grunt_temple_overflow_open, nicolae_elemental_shop, uniq_eustachio,
          uniq_duvessa
Sewer:    sewer_co_tree

Skill      XL: |  1  2  3  4  5  6  7 |
---------------+----------------------+-----
Long Blades    | 3 4 5 6 7 9 |  9.1
Fighting       | |  2.0
Throwing       | |  1.7
Dodging        | |  2.6

Action                   |  1- 3 |  4- 6 |  7- 9 || total
-------------------------+-------+-------+-------++-------
Melee: Long sword        |    53 |   220 |   208 ||   481
       Kick              |       |    66 |    60 ||   126
Throw: Javelin           |     7 |    36 |    10 ||    53
       Throwing net      |       |     1 |     1 ||     2
  Use: Scroll            |       |     8 |     6 ||    14
 Stab: Sleeping          |       |     1 |       ||     1
       Distracted        |       |       |     1 ||     1
       Held in net/web   |       |       |     1 ||     1
  Eat: Chunk             |       |     7 |     6 ||    13
Armor: Leather armour    |    11 |       |       ||    11
       Ring mail         |       |    58 |    71 ||   129
Dodge: Dodged            |    32 |   122 |   170 ||   324
